 Dungeon Crawl Stone Soup version 0.23.2-40-g277498a (webtiles) character file.

Game seed: 13387815599133452502

3653 Balder the Shield-Bearer (level 10, 0/65 HPs)
             Began as a Halfling Fighter on Sept 3, 2019.
             Slain by an orc warrior
             ... wielding a +0 long sword
              (9 damage)
             ... on level 9 of the Dungeon.
             The game lasted 00:29:32 (7275 turns).

Balder the Shield-Bearer (Halfling Fighter)         Turns: 7275, Time: 00:29:33

Health: 0/65       AC: 18    Str: 18    XL:     10   Next: 34%
Magic:  10/10      EV:  8    Int:  6    God:
Gold:   213        SH: 12    Dex: 19    Spells: 9/9 levels left

rFire    . . .     SeeInvis .   v - +6 dagger
rCold    . . .     Gourm    .   c - +0 shield
rNeg     . . .     Faith    .   K - +0 plate armour
rPois    .         Spirit   .   H - +0 helmet
rElec    .         Reflect  .   G - scarf {cloud immunity}
rCorr    .         Harm     .   o - +0 pair of gloves
MR       .....                  F - +2 pair of boots
Stlth    ..........             (no amulet)
HPRegen  0.20/turn              J - +2 ring of dexterity
MPRegen  0.12/turn              (no ring)

@: no status effects
A: small, mutation resistance 1
a: no special abilities


You were on level 9 of the Dungeon.
You were not hungry.

You visited 2 branches of the dungeon, and saw 10 of its levels.

You collected 411 gold pieces.
You spent 198 gold pieces at shops.

Inventory:

Hand Weapons
 b - a +0 hunting sling
 v - a +6 dagger (weapon)
 y - a cursed -3 war axe
 A - a +4 flail of crushing
 E - a +3 hand axe
 L - a +1 scimitar of flaming
Missiles
 t - 19 poisoned needles
Armour
 c - a +0 shield (worn)
 o - a +0 pair of gloves (worn)
 F - a +2 pair of boots (worn)
 G - a scarf of cloud immunity (worn)
 H - a +0 helmet (worn)
 K - a +0 plate armour (worn)
Jewellery
 B - an uncursed ring of fire
 J - a +2 ring of dexterity (left hand)
Wands
 w - a wand of digging (6)
 C - a wand of paralysis (13)
Scrolls
 a - a scroll of holy word {unknown}
 d - a scroll of noise {unknown}
 j - 2 scrolls of enchant weapon {unknown}
 k - 2 scrolls of amnesia {unknown}
 m - 2 scrolls of enchant armour {unknown}
 p - 5 scrolls of teleportation
 q - 2 scrolls of identify
 s - a scroll of fear {unknown}
 x - a scroll of random uselessness {unknown}
 z - 3 scrolls of remove curse
 M - a scroll of fog
Potions
 e - a potion of invisibility {unknown}
 g - a potion of magic {unknown}
 h - 4 potions of curing
 i - a potion of degeneration {unknown}
 l - 3 potions of heal wounds {unknown}
 n - a potion of lignification {unknown}
 r - a potion of cancellation {unknown}
 u - 2 potions of brilliance {unknown}
 D - a potion of resistance {unknown}
 I - a potion of mutation {unknown}
Comestibles
 f - 9 rations


   Skills:
 * Level 4.7 Fighting
 + Level 7.0(7.4) Short Blades
 * Level 2.9(4.7) Long Blades
 * Level 5.0 Maces & Flails
 * Level 6.6 Armour
 * Level 4.6 Dodging
 * Level 5.4 Stealth
 * Level 7.7 Shields


You had 9 spell levels left.
You didn't know any spells.
Your spell library contained the following spells:

 Spells                   Type           Power        Failure   Level  Hunger
 Cause Fear               Hex            #.........   100%        4    #####..
 Silence                  Hex/Air        #.........   100%        5    ######.
 Yara's Violent Unravell  Hex/Tmut       #.........   100%        5    ######.
 Deflect Missiles         Chrm/Air       #.........   100%        6    #######
 Discord                  Hex            #.........   100%        8    #######


Dungeon Overview and Level Annotations

Branches:
Dungeon (9/15)             Temple (1/1) D:7
   Lair: D:8-11         Orc: D:9-12

Altars:
Ashenzari
Elyvilon
Gozag
Hepliaklqana
Kikubaaqudgha
Makhleb
Nemelex Xobeh
Qazlal
Ru
Sif Muna
Trog
Uskayaw
Vehumet
Wu Jian
Xom
Yredelemnul
Zin
The Shining One

Shops:
D:5 [


Innate Abilities, Weirdness & Mutations

You are small and have problems with some larger weapons.
You are somewhat resistant to further mutation.


Message History

The orc warrior is heavily wounded.
The orc warrior hits you with a +0 long sword!
* * * LOW HITPOINT WARNING * * *
Your plate armour prevents you from hitting the orc warrior.
The orc warrior is heavily wounded.
You feel sick.
The orc warrior hits you with a +0 long sword.
* * * LOW HITPOINT WARNING * * *
You feel better.
The orc wizard mumbles some strange words.
The orc wizard blinks!
The orc warrior hits you with a +0 long sword!
* * * LOW HITPOINT WARNING * * *
You feel better.
You hit the orc warrior but do no damage.
The orc warrior is heavily wounded.
The orc wizard casts a spell.
The orc wizard blinks!
The orc warrior hits you with a +0 long sword!
You die...

## .. ...
##..#. ...
....#. .$.
......# ..
....ยง.. .#
....... ###.#
.......##...#
......oo@...#
.......##...##
......# #.<..#
##...# #....#
#### #.....#
#.......#
#########


You could see an orc warrior and an orc.

Vanquished Creatures
  Erica (D:8)
  A hornet (D:9)
  Sigmund (D:6)
  2 orc warriors
  An ice beast (D:8)
  A phantom (D:5)
  A sky beast (D:6)
  5 ogres
  2 centaurs (D:7)
  A big kobold (D:8)
  2 bullfrogs
  5 howler monkeys
  5 crimson imps
  2 bullfrog zombies (D:8)
  A centaur zombie (D:7)
  2 jellies
  2 hounds (D:8)
  2 orc priests
  A bullfrog skeleton (D:5)
  A gnoll shaman (D:6)
  Terence (D:2)
  9 orc wizards
  5 worker ants
  A hound skeleton (D:7)
  2 worker ant zombies
  5 gnolls (D:6)
  7 adders
  A shadow imp (D:6)
  3 oozes
  An adder zombie (D:5)
  2 dart slugs (D:1)
  5 leopard geckos
  28 orcs
  11 bats
  3 giant cockroaches
  6 hobgoblins
  7 jackals
  4 quokkas
  9 frilled lizards
  6 goblins
  9 kobolds
  4 rats
168 creatures vanquished.

Vanquished Creatures (others)
  A kobold (D:8)
1 creature vanquished.

Grand Total: 169 creatures vanquished

Notes
Turn   | Place    | Note
-------+----------+-------------------------------------------
     0 | D:1      | Balder the Halfling Fighter began the quest for the Orb.
     0 | D:1      | Reached XP level 1. HP: 15/15 MP: 1/1
   188 | D:1      | Reached XP level 2. HP: 18/20 MP: 2/2
   766 | D:1      | Reached XP level 3. HP: 25/25 MP: 3/3
   906 | D:2      | Noticed Terence
   924 | D:2      | Killed Terence
   924 | D:2      | Reached skill level 1 in Dodging
   924 | D:2      | Reached skill level 1 in Stealth
   924 | D:2      | Reached XP level 4. HP: 19/30 MP: 4/4
  1089 | D:2      | Reached XP level 5. HP: 30/36 MP: 5/5
  1901 | D:3      | Reached XP level 6. HP: 39/42 MP: 6/6
  2810 | D:4      | Noticed an ogre
  2845 | D:4      | Killed an ogre
  2845 | D:4      | Reached skill level 5 in Short Blades
  2845 | D:4      | Reached XP level 7. HP: 6/46 MP: 7/7
  3359 | D:4      | Reached skill level 1 in Long Blades
  3364 | D:4      | Found a burning altar of Makhleb.
  3365 | D:4      | Found a radiant altar of Vehumet.
  3429 | D:4      | Reached skill level 5 in Shields
  3624 | D:4      | Reached XP level 8. HP: 52/52 MP: 8/8
  3732 | D:5      | Entered Level 5 of the Dungeon
  3776 | D:5      | Found a glowing golden altar of the Shining One.
  3972 | D:5      | Reached skill level 5 in Armour
  4078 | D:5      | Found Teim's Armour Emporium.
  4092 | D:5      | Bought a +2 pair of boots for 198 gold pieces
  5035 | D:6      | Noticed Sigmund
  5044 | D:6      | Killed Sigmund
  5044 | D:6      | Reached skill level 1 in Maces & Flails
  5044 | D:6      | Reached XP level 9. HP: 58/58 MP: 9/9
  5254 | D:7      | Found a staircase to the Ecumenical Temple.
  5269 | Temple   | Entered the Ecumenical Temple
  6068 | D:8      | Noticed Erica
  6302 | D:8      | Killed Erica
  6302 | D:8      | Reached skill level 5 in Stealth
  6302 | D:8      | Reached XP level 10. HP: 57/65 MP: 10/10
  6568 | D:8      | Reached skill level 5 in Maces & Flails
  7249 | D:9      | Paralysed by a hornet for 3 turns
  7273 | D:9      | HP: 3/65 [orc warrior/+0 long sword (11)]
  7275 | D:9      | Slain by an orc warrior

Skill      XL: |  1  2  3  4  5  6  7  8  9 10 |
---------------+-------------------------------+-----
Short Blades   | 3 4 5 7 |  7.0
Dodging        | 1 2 3 4 |  4.6
Stealth        | 1 2 3 5 |  5.4
Shields        | 4 5 6 7 |  7.7
Fighting       | 3 4 |  4.7
Armour         | 4 5 6 |  6.6
Long Blades    | 1 2 |  2.9
Maces & Flails | 1 4 5 |  5.0

Action                   |  1- 3 |  4- 6 |  7- 9 | 10-12 || total
-------------------------+-------+-------+-------+-------++-------
Melee: Rapier            |    67 |   182 |       |       ||   249
       Dagger            |       |    42 |   170 |    19 ||   231
       Flail             |       |       |   179 |       ||   179
       Scimitar          |       |       |       |    73 ||    73
  Use: Potion            |       |     1 |     2 |     2 ||     5
       Scroll            |       |       |     6 |       ||     6
  Eat: Chunk             |       |     4 |     4 |     3 ||    11
       Ration            |       |     1 |     2 |       ||     3
Armor: Scale mail        |    24 |    18 |       |       ||    42
       Chain mail        |       |    61 |    92 |       ||   153
       Plate armour      |       |       |    43 |    32 ||    75
Dodge: Dodged            |    23 |    42 |    91 |    20 ||   176
Block: Shield            |    35 |   106 |   179 |    54 ||   374
       Rpst.: Scimitar   |       |       |       |     5 ||     5
